 Dungeon Crawl Stone Soup version 0.19-a0-1210-g5c1aa26 (webtiles) character file.

22576 mopl the Severer (level 13, -13/113 HPs)
             Began as a Hill Orc Fighter on Aug 22, 2016.
             Was a Follower of Uskayaw.
             Killed from afar by a wretched star (21 damage)
             ... with an orb of energy
             ... on level 3 of the Abyss.
             The game lasted 00:57:09 (11816 turns).

mopl the Severer (Hill Orc Fighter)                Turns: 11816, Time: 00:57:10

Health: -13/113    AC: 16    Str: 20    XL:     13   Next: 1%
Magic:  18/19      EV: 11    Int: 13    God:    Uskayaw [*.....]
Gold:   767        SH:  0    Dex: 14    Spells: 0 memorised, 12 levels left

rFire  . . .     SeeInvis +     a - +0 battleaxe
rCold  . . .     Gourm    .     D - +0 chain mail (curse)
rNeg   . . .     Faith    .     (shield currently unavailable)
rPois  .         Spirit   .     B - +0 helmet {SInv}
rElec  .         Dismiss  .     (no cloak)
rCorr  .         Reflect  .     X - +0 pair of gloves
MR     .....     Harm     .     i - +0 pair of boots
Stlth  .......... Clarity  +    (no amulet)
                                J - +5 ring of intelligence
                                k - ring of wizardry

@: exhausted, slowed, very slow
A: clarity, shaggy fur 1
a: Stomp, Renounce Religion


You were on level 3 of the Abyss.
You worshipped Uskayaw.
Uskayaw was noncommittal.
You were not hungry.

You visited 3 branches of the dungeon, and saw 14 of its levels.
You visited the Abyss 1 time.
You also visited: Sewer and Bailey.

You collected 849 gold pieces.
You spent 82 gold pieces at shops.

Inventory:

Hand Weapons
 a - a +0 battleaxe (weapon)
 b - a +3 blowgun
 F - a +0 hand axe of flaming
Missiles
 j - 18 poisoned needles
 m - 5 tomahawks
 K - 2 throwing nets (quivered)
 N - 69 tomahawks of returning
Armour
 e - a +4 ring mail of magic resistance
 i - a +0 pair of boots (worn)
 B - a +0 helmet of see invisible (worn)
 D - a cursed +0 chain mail (worn)
 X - a +0 pair of gloves (worn)
Magical Staves
 y - an uncursed staff of fire
Rods
 M - a +5 iron rod (17/17)
   (You found it on level 5 of the Dungeon)
Jewellery
 k - a ring of wizardry (left hand)
 J - a +5 ring of intelligence (right hand)
Wands
 t - a wand of iceblast (7/15)
 w - a wand of polymorph (15/24)
 G - a wand of acid (8/15)
 L - a wand of slowing (21/48)
 T - a wand of iceblast (2/15)
Scrolls
 d - 2 scrolls of identify
 o - 3 scrolls of blinking
 p - 8 scrolls of remove curse
 q - a scroll of torment {unknown}
 s - 3 scrolls of fear
 x - 3 scrolls of teleportation
 A - a scroll of brand weapon {unknown}
 E - 2 scrolls of fog {unknown}
 I - 2 scrolls of immolation {!r}
 R - 3 scrolls of enchant armour {unknown}
 S - 2 scrolls of noise {unknown}
 V - 2 scrolls of random uselessness {unknown}
 Z - 2 scrolls of magic mapping
Potions
 c - 2 potions of brilliance
 h - 3 potions of resistance
 l - 2 potions of berserk rage {!q}
 r - 8 potions of curing
 u - 2 potions of invisibility
 v - a potion of flight
 z - 2 potions of cancellation
 C - 2 potions of haste
 H - 4 potions of lignification {!q}
 P - a potion of might
Comestibles
 f - 8 bread rations
 g - 3 chunks of flesh
 n - a meat ration


   Skills:
 + Level 10.0 Fighting
 * Level 16.5 Axes
 + Level 9.3 Armour
 + Level 5.8 Dodging
   Level 3.2 Shields
 + Level 6.6 Invocations
 + Level 9.1 Evocations


You had 12 spell levels left.
You didn't know any spells.

Dungeon Overview and Level Annotations

Branches:
Dungeon (11/15)            Temple (1/1) D:6            Lair (2/6) D:10
  Swamp: Lair:2-4    Shoals: Lair:2-4     Snake: Lair:2-4    Spider: Lair:2-4
    Orc: D:9-12

Altars:
Ashenzari
Cheibriados
Dithmenos
Elyvilon
Fedhas
Gozag
Hepliaklqana
Kikubaaqudgha
Makhleb
Nemelex Xobeh
Okawaru
Qazlal
Ru
Sif Muna
Trog
Uskayaw
Vehumet
Xom
Yredelemnul
Zin
The Shining One

Shops:
D:9 (

Annotations:
D:7 exclusion: ice statue
D:8 Duffy's ghost, novice NaFi


Innate Abilities, Weirdness & Mutations

You possess an exceptional clarity of mind.
You are covered in fur. (AC +1)


Message History

You closely miss the meliai.
The meliai is moderately wounded.
The meliai closely misses you. x2
You slash the meliai!
You kill the meliai!
You have reached level 13!
Things that are here:
a war axe; a robe You feel a strong urge to attack something.
Found 16 gold pieces.
Found a wand of random effects.
You feel your anger subside.
You are no longer berserk.
You are exhausted.
You feel yourself slow down.
K - 2 throwing nets
Found 22 stones.
You see here 22 gold pieces.
The wretched star glows turbulently.
The orb of energy hits you!
You die...

...... #...(.....
........#
$...*#...
../...... ........
##...##.# # #$.#
.#.#># ##.
#.@##.....# ...
#....#.#..#..
#.##...)........
##..##..###.. .. .
#..8. #...8.....
....#... #...#..#.
≈≈≈...............
≈≈≈..#............
≈≈≈#............ .


You could see a wretched star.

Vanquished Creatures
  Gastronok (D:9)
  Harold (D:10)
  A catoblepas (Lair:2)
  2 unseen horrors
  An orc sorcerer (Abyss:2)
  A cyclops (D:11)
  2 ugly things (D:11)
  A manticore (D:11)
  A spiny frog (D:9)
  A gargoyle (D:10)
  A rime drake (Lair:1)
  A troll (D:9)
  A meliai (Abyss:3)
  2 two-headed ogres
  7 blink frogs
  Prince Ribbit (D:7)
  4 slime creatures (D:8)
  Sigmund (D:3)
  2 shadows (D:11)
  2 wyverns
  13 yaks
  Grum (D:9)
  A neqoxec (Abyss:2)
  7 hippogriffs
  3 water moccasins
  A large abomination (Abyss:2)
  Purgy (Sewer)
  3 sky beasts
  2 black bears
  5 phantoms
  5 orc warriors
  An ice beast (D:6)
  A necrophage (D:9)
  6 ogres
  A wasp (D:10)
  2 wolves (D:9)
  2 crocodiles (Lair:1)
  11 centaurs
  A big kobold (D:8)
  8 giant frogs
  3 scorpions
  28 killer bees
  4 howler monkeys
  8 crimson imps
  A centaur zombie (D:9)
  2 giant frog zombies
  A quasit (D:10)
  7 orc priests
  A wasp zombie (D:10)
  8 hounds
  3 jellies
  2 giant frog skeletons
  9 orc wizards
  3 centaur skeletons
  Ijyb (D:2)
  Jessica (D:2)
  7 iguanas
  Natasha (thrice) (D:2)
  4 worker ants
  8 sheep (Lair:1)
  2 hound zombies
  Robin (D:2)
  A worker ant zombie (D:10)
  17 gnolls
  14 adders
  A howler monkey skeleton (D:4)
  36 river rats
  A shadow imp (D:9)
  2 oozes
  3 adder zombies
  An adder skeleton (D:7)
  2 worms
  5 dart slugs
  5 giant geckos
  29 orcs
  9 bats
  10 giant cockroaches
  14 goblins
  25 hobgoblins
  12 jackals
  7 quokkas
  A ball python (D:1)
  A giant gecko zombie (D:5)
  7 giant newts
  17 kobolds
  A quokka zombie (D:5)
  7 rats
444 creatures vanquished.

Notes
Turn   | Place    | Note
-------+----------+-------------------------------------------
     0 | D:1      | mopl the Hill Orc Fighter began the quest for the Orb.
     0 | D:1      | Reached XP level 1. HP: 19/19 MP: 1/1
    63 | D:2      | Reached skill level 3 in Axes
   183 | D:1      | Reached XP level 2. HP: 26/26 MP: 2/2
   235 | D:1      | Reached skill level 4 in Axes
   567 | D:1      | Reached XP level 3. HP: 31/31 MP: 3/3
   792 | D:2      | Noticed Natasha
   796 | D:2      | Reached skill level 5 in Axes
   804 | D:2      | Killed Natasha
   804 | D:2      | Reached XP level 4. HP: 36/39 MP: 4/4
   865 | D:3      | Reached skill level 6 in Axes
   878 | D:3      | Noticed Sigmund
   956 | D:3      | Reached XP level 5. HP: 22/45 MP: 5/5
  1091 | D:3      | Found a shimmering altar of Xom.
  1138 | D:3      | Killed Sigmund
  1138 | D:3      | Reached skill level 8 in Axes
  1138 | D:3      | Reached XP level 6. HP: 37/51 MP: 6/6
  1176 | D:3      | Found a glowing drain.
  1193 | Sewer    | Entered a sewer
  1278 | Sewer    | Noticed Purgy
  1295 | Sewer    | Killed Purgy
  1295 | Sewer    | Reached skill level 9 in Axes
  1520 | D:3      | Reached XP level 7. HP: 57/57 MP: 7/7
  1767 | D:2      | Noticed Robin
  1770 | D:2      | Reached skill level 10 in Axes
  1790 | D:2      | Killed Robin
  1825 | D:2      | Found a sacrificial altar of Ru.
  1827 | D:2      | Noticed Natasha
  1832 | D:2      | Killed Natasha
  1867 | D:2      | Noticed Jessica
  1883 | D:2      | Killed Jessica
  2244 | D:2      | Noticed Ijyb
  2261 | D:2      | Killed Ijyb
  2368 | D:2      | Noticed Natasha
  2379 | D:2      | Killed Natasha
  2681 | D:4      | Reached skill level 11 in Axes
  2768 | D:4      | Reached XP level 8. HP: 57/64 MP: 8/8
  3035 | D:4      | Reached skill level 12 in Axes
  3194 | D:5      | Entered Level 5 of the Dungeon
  3197 | D:5      | Found an opulent altar of Gozag.
  3571 | D:6      | Reached skill level 1 in Evocations
  3713 | D:5      | Reached skill level 2 in Evocations
  3725 | D:5      | You fall through a shaft for 3 floors!
  3725 | D:8      | Noticed Duffy's ghost (novice NaFi)
  3749 | D:8      | Reached skill level 3 in Evocations
  3779 | D:8      | Reached skill level 13 in Axes
  3836 | D:8      | Reached XP level 9. HP: 38/70 MP: 11/11
  3911 | D:8      | Reached skill level 4 in Evocations
  3952 | D:8      | Found a flagged portal.
  3988 | Bailey   | Entered a bailey
  4640 | Bailey   | HP: 1/70 [gnoll/halberd (6)]
  5091 | Bailey   | Gained mutation: You possess an exceptional clarity of mind. [potion of beneficial mutation]
  5092 | Bailey   | Gained mutation: You are covered in fur. (AC +1) [potion of beneficial mutation]
  5242 | D:7      | Found a hazy altar of Hepliaklqana.
  5252 | D:7      | Found a stormy altar of Qazlal.
  5483 | D:7      | Found a glowing silver altar of Zin.
  5508 | D:6      | Found a glowing golden altar of the Shining One.
  5508 | D:6      | Found a bloodstained altar of Trog.
  5821 | D:6      | Found a staircase to the Ecumenical Temple.
  5850 | D:6      | Reached skill level 4 in Fighting
  5850 | D:6      | Reached skill level 5 in Evocations
  5859 | D:6      | Reached skill level 4 in Armour
  5895 | Temple   | Entered the Ecumenical Temple
  6503 | D:7      | Reached skill level 5 in Fighting
  6649 | D:7      | Noticed Prince Ribbit
  6653 | D:7      | Killed Prince Ribbit
  6653 | D:7      | Reached skill level 14 in Axes
  6653 | D:7      | Reached skill level 5 in Armour
  6747 | D:7      | Found a shattered altar of Ashenzari.
  6763 | D:7      | Reached XP level 10. HP: 37/81 MP: 14/14
  6799 | D:7      | Reached skill level 1 in Dodging
  6843 | D:7      | Reached skill level 6 in Evocations
  6880 | D:7      | Noticed an ice statue
  6956 | D:7      | Found a deep blue altar of Sif Muna.
  7324 | D:8      | Reached skill level 6 in Fighting
  7450 | D:8      | Reached skill level 2 in Dodging
  7545 | D:9      | Reached skill level 6 in Armour
  7748 | D:9      | Reached skill level 7 in Fighting
  7748 | D:9      | Reached skill level 3 in Dodging
  7748 | D:9      | Reached skill level 7 in Evocations
  8114 | D:9      | Found an iron altar of Okawaru.
  8121 | D:9      | Got a crystal hand axe
  8130 | D:9      | Identified the +6 hand axe of Tuabosot {chop, *Drain rElec MP+9} (You found it on level 9 of the Dungeon)
  8280 | D:9      | Reached skill level 7 in Armour
  8285 | D:9      | Noticed Grum
  8298 | D:9      | Killed Grum
  8298 | D:9      | Reached XP level 11. HP: 68/93 MP: 16/16
  8345 | D:9      | Found a hide-covered altar of Uskayaw.
  8348 | D:9      | Became a worshipper of Uskayaw the Reveler
  8388 | D:9      | Reached * piety under Uskayaw
  8437 | D:9      | Found Kamue's Weapon Shop.
  8452 | D:9      | Bought a cursed +0 battleaxe for 82 gold pieces
  8529 | D:9      | Reached skill level 1 in Invocations
  8529 | D:9      | Reached ** piety under Uskayaw
  8592 | D:9      | Noticed Gastronok
  8676 | D:9      | Reached *** piety under Uskayaw
  8764 | D:9      | Reached **** piety under Uskayaw
  8769 | D:9      | Reached skill level 8 in Fighting
  8770 | D:9      | Reached ***** piety under Uskayaw
  8842 | D:10     | Entered Level 10 of the Dungeon
  8851 | D:10     | Reached skill level 4 in Dodging
  9110 | D:9      | Reached skill level 2 in Invocations
  9200 | D:9      | Killed Gastronok
  9200 | D:9      | Reached skill level 3 in Invocations
  9200 | D:9      | Reached skill level 8 in Evocations
  9337 | D:10     | Reached skill level 8 in Armour
  9449 | D:10     | Reached skill level 15 in Axes
  9609 | D:10     | Found a staircase to the Lair.
  9622 | D:10     | Reached skill level 4 in Invocations
  9758 | D:10     | Noticed Harold
  9769 | D:10     | Killed Harold
  9769 | D:10     | Reached skill level 9 in Fighting
  9769 | D:10     | Reached XP level 12. HP: 54/104 MP: 14/18
  9983 | Lair:1   | Entered Level 1 of the Lair of Beasts
 10032 | Lair:1   | Reached skill level 5 in Dodging
 10167 | Lair:1   | Reached skill level 5 in Invocations
 10599 | Lair:2   | Noticed a catoblepas
 10611 | Lair:2   | Killed a catoblepas
 10624 | Lair:2   | Reached skill level 16 in Axes
 10624 | Lair:2   | Reached ****** piety under Uskayaw
 11234 | D:11     | Reached skill level 9 in Armour
 11290 | D:11     | Reached skill level 6 in Invocations
 11290 | D:11     | Reached skill level 9 in Evocations
 11693 | D:11     | Reached skill level 10 in Fighting
 11697 | D:11     | Cast into level 2 of the Abyss (a wizard)
 11787 | Abyss:2  | Noticed a sun demon
 11789 | Abyss:2  | Noticed a balrug
 11789 | Abyss:2  | Noticed a sun demon
 11790 | Abyss:2  | Noticed a sun demon
 11805 | Abyss:3  | HP: 7/159 [meliai/war axe (3)]
 11807 | Abyss:3  | Reached XP level 13. HP: 8/113 MP: 16/19
 11816 | Abyss:3  | Killed from afar by a wretched star

Vault maps used:
D:1:      minmay_arrival_split_and_join, minmay_hexomino_p4
D:2:      hangedman_ru_absence, uniq_iyjb, uniq_robin, uniq_natasha,
          uniq_jessica
D:3:      led_xom_imps, portal_sewer_entry_f, first_bread, uniq_sigmund
D:4:      kennysheep_small_square
D:5:      nicolae_overflow_crystal_walls
D:6:      minitemple
D:7:      lemuel_ice_statue, nicolae_qazlal_eye_of_the_storm, kennysheep_mini,
          kennysheep_little_box, zin_statuary, overflow_temple_1_default,
          uniq_prince_ribbit1
D:8:      enter_bailey_1, grunt_ogre_cave
D:9:      lemuel_doored_altar, okawaru_ov_weapons_minmay, serial_shops, shop,
          hangedman_decor_riveting, nooodl_food_tri, uniq_grum, uniq_gastronok
D:10:     dpeg_lair_monsters, solitary_fountain, uniq_harold
D:11:     minmay_wavy_crystal, minivault_19
Temple:   nicolae_temple_figure_zero
Lair:1:   grunt_megastairs_2, lemuel_fruit_fields, lemuel_fruit_fields,
          serial_bayou_shore_b
Lair:2:   nicolae_spider_entry_orb_guardian, grunt_megastairs_1,
          infiniplex_staircase_pool
Abyss:2:  hangedman_abyss_sting, minivault_1
Abyss:3:  grunt_abyss_rune_wretched_hive
Sewer:    kennysheep_door_sewer
Bailey:   bailey_axe_2, bailey

Skill      XL: |  1  2  3  4  5  6  7  8  9 10 11 12 |
---------------+-------------------------------------+-----
Axes           | 3 4 5 6 8 9 11 13 14 15 16 | 16.5
Evocations     | 3 5 7 8 9 |  9.1
Fighting       | 5 7 9 10 | 10.0
Armour         | 5 7 8 9 |  9.3
Dodging        | 3 4 5 |  5.8
Invocations    | 4 6 |  6.6
Shields        | |  3.2

Action                   |  1- 3 |  4- 6 |  7- 9 | 10-12 | 13-15 || total
-------------------------+-------+-------+-------+-------+-------++-------
Melee: War axe           |    94 |    98 |   514 |   209 |       ||   915
       Battleaxe         |       |       |       |   470 |       ||   470
 Fire: Blowgun           |       |       |       |    38 |       ||    38
Throw: Throwing net      |       |       |     1 |     3 |       ||     4
Invok: Line Pass         |       |       |       |     5 |       ||     5
       Grand Finale      |       |       |       |     1 |       ||     1
Evoke: Rod               |       |       |    12 |    41 |       ||    53
  Use: Potion            |       |     1 |     6 |     6 |       ||    13
       Scroll            |       |       |    17 |     7 |       ||    24
 Stab: Paralysed         |       |       |       |    36 |       ||    36
       Petrified         |       |       |       |     4 |       ||     4
       Invisible         |       |       |       |     1 |       ||     1
       Held in net/web   |       |       |       |     1 |       ||     1
  Eat: Chunk             |       |     2 |    24 |    36 |       ||    62
       Pizza             |       |       |       |     1 |       ||     1
       Bread ration      |       |       |       |     1 |       ||     1
       Fruit             |       |       |       |     1 |       ||     1
Armor: Scale mail        |    45 |    46 |   229 |   139 |       ||   459
       Chain mail        |       |       |       |   221 |       ||   221
Dodge: Dodged            |    34 |    40 |   166 |   325 |       ||   565
Block: Shield            |    56 |    48 |   269 |    89 |       ||   462
